SKY
ST. LOUIS CARDINALS @ PHILADELPHIA PHILLIES
07/26/2052
 
TOP OF THE 1ST
St. Louis Cardinals batting - Pitching for Philadelphia Phillies : RHP Jake Prendergast
Pitching: RHP Jake Prendergast
Batting: SHB Joseph Mitchell 0-0: Called Strike
0-1: Called Strike
0-2: Strikes out looking
Batting: RHB Bobby Grimm 0-0: Called Strike
0-1: Foul Ball, location: 2F
0-2: Ball
1-2: Foul Ball, location: 2F
1-2: Ball
2-2: Foul Ball, location: 2F
2-2: Fly out, F9 (Flyball, 9D, EV 101.9 MPH)
Batting: SHB Lucas Cavanaugh 0-0: Ball
1-0: Called Strike
1-1: Called Strike
1-2: Ball
2-2: Ground out 4-3 (Groundball, 4, EV 103.8 MPH)
Top of the 1st over - 0 runs, 0 hits, 0 errors, 0 left on base; St. Louis 0 - Philadelphia 0
BOTTOM OF THE 1ST
Philadelphia Phillies batting - Pitching for St. Louis Cardinals : RHP Ethan Minks
Pitching: RHP Ethan Minks
Batting: LHB Noah Powell 0-0: Foul Ball, location: 3F
0-1: TRIPLE (Flyball, 78XD, EV 103.8 MPH)
Batting: RHB Kyle Negulescu 0-0: Foul Ball, location: 2F
0-1: Called Strike
0-2: Ball
1-2: Ball
2-2: Foul Ball, location: 2RF
2-2: Ball
3-2: Ground out 5-3 (Groundball, 56, EV 110.6 MPH)
Noah Powell scores
Batting: RHB Josiah Mandel 0-0: Fly out, F7 (Flyball, 78D, EV 109.4 MPH)
Batting: RHB Marc Simms 0-0: Ball
1-0: Ball
2-0: Ground out 6-3 (Groundball, 6, EV 88.1 MPH)
Bottom of the 1st over - 1 run, 1 hit, 0 errors, 0 left on base; St. Louis 0 - Philadelphia 1
TOP OF THE 2ND
St. Louis Cardinals batting - Pitching for Philadelphia Phillies : RHP Jake Prendergast
Batting: RHB Dan Moore 0-0: Called Strike
0-1: Ball
1-1: Ball
2-1: Ball
3-1: TRIPLE (Flyball, 89XD, EV 111.3 MPH)
Batting: LHB Josef Rosendorff 0-0: Called Strike
0-1: Foul Ball, location: 7LSF
0-2: Foul Ball, location: 7LMF
0-2: Ball
1-2: Foul Ball, location: 7LDF
1-2: Ball
2-2: Strikes out swinging, 2-3 out at first.
Batting: RHB Thomas Barraza 0-0: Called Strike
0-1: Foul Ball, location: 2F
0-2: Ground out 5-3 (Groundball, 56, EV 98.1 MPH)
Batting: LHB David Atkinson 0-0: Ball
1-0: Ball
2-0: Called Strike
2-1: DOUBLE (Flyball, 89D, EV 93.1 MPH)
Dan Moore scores
Batting: LHB Marcus Jones 0-0: Ball
1-0: Ball
2-0: Foul Ball, location: 23F
2-1: Swinging Strike
2-2: Ball
3-2: DOUBLE (Line Drive, 89D, EV 99.4 MPH)
David Atkinson scores
Batting: RHB Shawn Henry 0-0: Ball
1-0: Ground out 4-3 (Groundball, 4M, EV 103.8 MPH)
Top of the 2nd over - 2 runs, 3 hits, 0 errors, 1 left on base; St. Louis 2 - Philadelphia 1
BOTTOM OF THE 2ND
Philadelphia Phillies batting - Pitching for St. Louis Cardinals : RHP Ethan Minks
Batting: RHB Marty Booz 0-0: Foul Ball, location: 2F
0-1: Ball
1-1: Foul Ball, location: 3DF
1-2: Strikes out swinging
Batting: LHB Monte Baker 0-0: SINGLE (Line Drive, 4D, EV 65.6 MPH)
Batting: RHB Gilbert Lee 0-0: Foul Ball, location: 2F
0-1: Foul Ball, location: 3SF
0-2: TRIPLE (Line Drive, 7D, EV 109.4 MPH)
Monte Baker scores
Batting: RHB Ariel Fernández 0-0: Called Strike
0-1: Ball
1-1: Swinging Strike
1-2: Foul Ball, location: 3F
1-2: Ball
2-2: Ball
3-2: Fly out, F8 (Flyball, 78M, EV 84.4 MPH)
Runner from 3rd tags up, SCORES, throw by CF
Batting: SHB Elías Saucedo 0-0: Foul Ball, location: 7LMF
0-1: Called Strike
0-2: Ground out U3 (Groundball, 3L, EV 103.8 MPH)
Bottom of the 2nd over - 2 runs, 2 hits, 0 errors, 0 left on base; St. Louis 2 - Philadelphia 3
TOP OF THE 3RD
St. Louis Cardinals batting - Pitching for Philadelphia Phillies : RHP Jake Prendergast
Batting: SHB Joseph Mitchell 0-0: Foul Ball, location: 7LSF
0-1: Ground out 4-3 (Groundball, 4, EV 83.8 MPH)
Batting: RHB Bobby Grimm 0-0: SOLO HOME RUN (Flyball, 7D, EV 100.0 MPH), Distance : 383 ft
Batting: SHB Lucas Cavanaugh 0-0: Ball
1-0: Ball
2-0: Ball
3-0: Base on Balls
Batting: RHB Dan Moore 0-0: SINGLE (Line Drive, 78M, EV 110.6 MPH)
Lucas Cavanaugh to second
Batting: LHB Josef Rosendorff 0-0: Foul Ball, location: 9LDF
0-1: Ball
1-1: Ball
Wild Pitch!
Lucas Cavanaugh to third
Dan Moore to second
2-1: Foul Ball, location: 2F
2-2: Ball
Wild Pitch!
Lucas Cavanaugh scores
Dan Moore to third
3-2: Fly out, F8 (Flyball, 8RD, EV 96.3 MPH)
Runner from 3rd tags up, SCORES, throw by CF
Batting: RHB Thomas Barraza 0-0: Called Strike
0-1: Ball
1-1: Ball
2-1: Foul Ball, location: 25F
2-2: Foul Ball, location: 3DF
2-2: Ball
3-2: DOUBLE (Line Drive, 78D, EV 101.9 MPH)
Pitching: RHP Grant Thomas
Batting: LHB David Atkinson 0-0: Ball
1-0: Ground out 5-3 (Groundball, 56, EV 79.4 MPH)
Top of the 3rd over - 3 runs, 3 hits, 0 errors, 1 left on base; St. Louis 5 - Philadelphia 3
BOTTOM OF THE 3RD
Philadelphia Phillies batting - Pitching for St. Louis Cardinals : RHP Ethan Minks
Batting: LHB Noah Powell 0-0: Ball
1-0: Ball
2-0: SINGLE (Line Drive, 4MD, EV 95.0 MPH)
Batting: RHB Kyle Negulescu 0-0: Called Strike
Noah Powell steals 2nd base
0-1: Ball
1-1: Ball
2-1: Swinging Strike
2-2: Ball
3-2: Foul Ball, location: 2F
3-2: Foul Ball, location: 5DF
3-2: Foul Ball, location: 2F
3-2: Ground out 4-3 (Groundball, 4, EV 90.0 MPH)
Noah Powell to third
Batting: RHB Josiah Mandel 0-0: Foul Ball, location: 23F
0-1: Ball
1-1: Fly out, F7 (Line Drive, 7, EV 96.9 MPH)
Runner from 3rd tags up, SCORES, throw by LF
Batting: RHB Marc Simms 0-0: Called Strike
0-1: Ball
1-1: Foul Ball, location: 9LDF
1-2: Ball
2-2: Ground out 3-1 (Groundball, 13, EV 78.8 MPH)
Bottom of the 3rd over - 1 run, 1 hit, 0 errors, 0 left on base; St. Louis 5 - Philadelphia 4
TOP OF THE 4TH
St. Louis Cardinals batting - Pitching for Philadelphia Phillies : RHP Grant Thomas
Batting: LHB Marcus Jones 0-0: SINGLE (Line Drive, 78S, EV 94.4 MPH)
Batting: RHB Shawn Henry 0-0: Called Strike
Marcus Jones is caught stealing 2nd base 2-4
0-1: Foul Ball, location: 5FF
0-2: Ball
1-2: Ball
2-2: Foul Ball, location: 9LSF
2-2: Foul Ball, location: 9LMF
2-2: Foul Ball, location: 2F
2-2: Strikes out looking
Batting: SHB Joseph Mitchell 0-0: Ball
1-0: Ball
2-0: Foul Ball, location: 2F
2-1: Ground out 4-3 (Groundball, 4, EV 81.3 MPH)
Top of the 4th over - 0 runs, 1 hit, 0 errors, 0 left on base; St. Louis 5 - Philadelphia 4
BOTTOM OF THE 4TH
Philadelphia Phillies batting - Pitching for St. Louis Cardinals : RHP Ethan Minks
Batting: RHB Marty Booz 0-0: Ball
1-0: Called Strike
1-1: Ball
2-1: Foul Ball, location: 9LSF
2-2: SINGLE (Groundball, 34D, EV 98.1 MPH)
Batting: LHB Monte Baker 0-0: Called Strike
0-1: Fly out, F7 (Flyball, 7D, EV 90.0 MPH)
Batting: RHB Gilbert Lee 0-0: Fielders Choice at 2nd, 5-4 (Groundball, 5, EV 88.1 MPH)
Batting: RHB Ariel Fernández 0-0: DOUBLE (Flyball, 78D, EV 111.9 MPH)
Gilbert Lee to third
Batting: SHB Elías Saucedo 0-0: Ball
1-0: Ball
2-0: Single, Error in OF, E8, batter to second base (Groundball, 4MD, EV 98.1 MPH)
Gilbert Lee scores
Ariel Fernández scores
Pitching: RHP Ian Gatta
Batting: LHB Noah Powell 0-0: Ball
1-0: Foul Ball, location: 5FF
1-1: Ball
2-1: Called Strike
2-2: Foul Ball, location: 2LF
2-2: Strikes out swinging
Bottom of the 4th over - 2 runs, 3 hits, 1 error, 1 left on base; St. Louis 5 - Philadelphia 6
TOP OF THE 5TH
St. Louis Cardinals batting - Pitching for Philadelphia Phillies : RHP Grant Thomas
Now in LF: Karter Williams
Now in RF: Noah Powell
Batting: RHB Bobby Grimm 0-0: DOUBLE (Flyball, 8LXD, EV 108.1 MPH)
Batting: SHB Lucas Cavanaugh 0-0: Ball
1-0: Ground out 4-3 (Groundball, 4, EV 85.0 MPH)
Bobby Grimm to third
Batting: RHB Dan Moore 0-0: Ball
1-0: Fly out, F8 (Flyball, 78D, EV 91.9 MPH)
Runner from 3rd tags up, SCORES, throw by CF
Pitching: RHP Ben Williams
Batting: LHB Josef Rosendorff 0-0: Swinging Strike
0-1: Ball
1-1: Ball
2-1: Called Strike
2-2: Foul Ball, location: 5SF
2-2: Reached on error, E3 (Groundball, 3L, EV 85.0 MPH)
Batting: RHB Thomas Barraza 0-0: SINGLE (Line Drive, 78S, EV 98.8 MPH)
Josef Rosendorff to second
Runner from 2nd tries for 3rd, SAFE, throw by LF made to third
Batting: LHB David Atkinson 0-0: Called Strike
0-1: Ground out 4-3 (Groundball, 34S, EV 86.3 MPH)
Top of the 5th over - 1 run, 2 hits, 1 error, 2 left on base; St. Louis 6 - Philadelphia 6
BOTTOM OF THE 5TH
Philadelphia Phillies batting - Pitching for St. Louis Cardinals : RHP Ian Gatta
Batting: RHB Kyle Negulescu 0-0: Ball
1-0: Foul Ball, location: 2F
1-1: Foul Ball, location: 2F
1-2: Strikes out looking
Batting: RHB Josiah Mandel 0-0: Ground out 5-3 (Groundball, 56S, EV 87.5 MPH)
Batting: RHB Marc Simms 0-0: Ball
1-0: Called Strike
1-1: Ball
2-1: Foul Ball, location: 23F
2-2: Ground out 6-3 (Groundball, 6MD, EV 80.6 MPH)
Bottom of the 5th over - 0 runs, 0 hits, 0 errors, 0 left on base; St. Louis 6 - Philadelphia 6
TOP OF THE 6TH
St. Louis Cardinals batting - Pitching for Philadelphia Phillies : RHP Ben Williams
Batting: LHB Marcus Jones 0-0: Ball
1-0: Called Strike
1-1: Fly out, F9 (Flyball, 9S, EV 86.3 MPH)
Batting: RHB Shawn Henry 0-0: Ball
1-0: Called Strike
1-1: Ball
2-1: Swinging Strike
2-2: Ground out 5-3 (Groundball, 56, EV 98.1 MPH)
Batting: SHB Joseph Mitchell 0-0: Ground out 1-3 (Groundball, 13S, EV 75.6 MPH)
Top of the 6th over - 0 runs, 0 hits, 0 errors, 0 left on base; St. Louis 6 - Philadelphia 6
BOTTOM OF THE 6TH
Philadelphia Phillies batting - Pitching for St. Louis Cardinals : RHP Ian Gatta
Batting: RHB Karter Williams 0-0: Ball
1-0: Foul Ball, location: 9LDF
1-1: DOUBLE (Line Drive, 9LS, EV 108.1 MPH)
Batting: LHB Monte Baker 0-0: Ball
1-0: Fly out, F7 (Flyball, 78M, EV 95.0 MPH)
Batting: RHB Gilbert Lee 0-0: Ball
Karter Williams steals 3rd base
1-0: Ball
2-0: Ball
3-0: Called Strike
3-1: Swinging Strike
3-2: Strikes out swinging
Batting: RHB Ariel Fernández 0-0: Ground out 6-3 (Groundball, 6, EV 99.4 MPH)
Bottom of the 6th over - 0 runs, 1 hit, 0 errors, 1 left on base; St. Louis 6 - Philadelphia 6
TOP OF THE 7TH
St. Louis Cardinals batting - Pitching for Philadelphia Phillies : RHP Ben Williams
Pitching: RHP Alonzo Panico
Batting: RHB Bobby Grimm 0-0: Ball
1-0: Fly out, F7 (Flyball, 7S, EV 93.8 MPH)
Batting: SHB Lucas Cavanaugh 0-0: Called Strike
0-1: Ground out U3 (Groundball, 3, EV 84.4 MPH)
Batting: RHB Dan Moore 0-0: Ball
1-0: SINGLE (Groundball, 56S, EV 70.0 MPH) (infield hit)
Batting: LHB Josef Rosendorff 0-0: Ball
1-0: Ground out 4-3 (Groundball, 34, EV 75.6 MPH)
Top of the 7th over - 0 runs, 1 hit, 0 errors, 1 left on base; St. Louis 6 - Philadelphia 6
BOTTOM OF THE 7TH
Philadelphia Phillies batting - Pitching for St. Louis Cardinals : RHP Ian Gatta
Batting: SHB Elías Saucedo 0-0: Ball
1-0: Ball
2-0: Foul Ball, location: 7LSF
2-1: Foul Ball, location: 2F
2-2: Ball
3-2: Base on Balls
Batting: LHB Noah Powell 0-0: Ball
1-0: Called Strike
Elías Saucedo steals 2nd base
1-1: SINGLE (Line Drive, 9S, EV 101.9 MPH)
Elías Saucedo to third
Batting: RHB Kyle Negulescu 0-0: Called Strike
0-1: Foul Ball, location: 25F
0-2: Ball
1-2: Strikes out swinging
Batting: RHB Josiah Mandel 0-0: Ball
Noah Powell steals 2nd base
1-0: Ball
2-0: Ground out 5-3 (Groundball, 56S, EV 91.3 MPH)
Batting: RHB Marc Simms 0-0: Called Strike
0-1: Swinging Strike
0-2: Ball
1-2: Foul Ball, location: 9LSF
1-2: Strikes out swinging
Bottom of the 7th over - 0 runs, 1 hit, 0 errors, 2 left on base; St. Louis 6 - Philadelphia 6
TOP OF THE 8TH
St. Louis Cardinals batting - Pitching for Philadelphia Phillies : RHP Alonzo Panico
Batting: RHB Thomas Barraza 0-0: Ball
1-0: SINGLE (Line Drive, 7LS, EV 99.4 MPH)
Batting: LHB David Atkinson 0-0: Ball
1-0: Bunted foul
1-1: Bunt - Flyout to 13! F1
Batting: LHB Marcus Jones 0-0: Ball
1-0: Ball
2-0: Swinging Strike
2-1: Swinging Strike
2-2: SINGLE (Groundball, P, EV 90.6 MPH) (infield hit)
Thomas Barraza to second
Batting: RHB Shawn Henry 0-0: Ball
1-0: Swinging Strike
1-1: Ball
2-1: Grounds into double play, 6-4-3 (Groundball, 6, EV 78.8 MPH)
Top of the 8th over - 0 runs, 2 hits, 0 errors, 1 left on base; St. Louis 6 - Philadelphia 6
BOTTOM OF THE 8TH
Philadelphia Phillies batting - Pitching for St. Louis Cardinals : RHP Ian Gatta
Pitching: RHP Gael Veloz
Pinch Hitting: LHB George Copa 0-0: SINGLE (Groundball, 4, EV 84.4 MPH)
Batting: LHB Monte Baker 0-0: Called Strike
0-1: Ball
George Copa steals 2nd base
1-1: Intentional Walk
Batting: RHB Gilbert Lee 0-0: Swinging Strike
0-1: Foul Ball, location: 5F
0-2: Strikes out swinging
Batting: RHB Ariel Fernández 0-0: Called Strike
0-1: Ball
1-1: Ball
2-1: Ball
3-1: Called Strike
3-2: Foul Ball, location: 23F
3-2: Strikes out swinging
Batting: SHB Elías Saucedo 0-0: Ball
1-0: Foul Ball, location: 2F
1-1: Foul Ball, location: 5SF
1-2: Ball
2-2: Foul Ball, location: 3F
2-2: Strikes out swinging
Bottom of the 8th over - 0 runs, 1 hit, 0 errors, 2 left on base; St. Louis 6 - Philadelphia 6
TOP OF THE 9TH
St. Louis Cardinals batting - Pitching for Philadelphia Phillies : RHP Alonzo Panico
Now in LF: Noah Powell
Now in CF: George Copa
Now in RF: Monte Baker
Batting: SHB Joseph Mitchell 0-0: Ball
1-0: Called Strike
1-1: Ball
2-1: Foul Ball, location: 5F
2-2: Ball
3-2: Ground out 6-3 (Groundball, 6, EV 83.1 MPH)
Batting: RHB Bobby Grimm 0-0: Fly out, F7 (Flyball, 7, EV 80.0 MPH)
Batting: SHB Lucas Cavanaugh 0-0: Called Strike
0-1: Fly out, F6 (Popup, P, EV 86.3 MPH)
Top of the 9th over - 0 runs, 0 hits, 0 errors, 0 left on base; St. Louis 6 - Philadelphia 6
BOTTOM OF THE 9TH
Philadelphia Phillies batting - Pitching for St. Louis Cardinals : RHP Gael Veloz
Batting: LHB Noah Powell 0-0: Ball
1-0: Called Strike
1-1: Swinging Strike
1-2: Ball
2-2: Foul Ball, location: 2F
2-2: Foul Ball, location: 7LDF
2-2: Ball
3-2: Base on Balls
Batting: RHB Kyle Negulescu 0-0: Called Strike
Noah Powell steals 2nd base
0-1: Foul Ball, location: 2LF
0-2: Strikes out swinging
Batting: RHB Josiah Mandel 0-0: Ball
Noah Powell steals 3rd base
1-0: Ball
2-0: Fielders Choice at home, 6-2 (Groundball, 6, EV 91.9 MPH)
Batting: RHB Marc Simms 0-0: Ball
1-0: Reached on error, E5 (Groundball, 5, EV 78.8 MPH)
Josiah Mandel to second
Batting: LHB George Copa 0-0: Called Strike
0-1: Ball
1-1: Foul Ball, location: 5F
1-2: Foul Ball, location: 7LSF
1-2: Strikes out looking
Bottom of the 9th over - 0 runs, 0 hits, 1 error, 2 left on base; St. Louis 6 - Philadelphia 6
TOP OF THE 10TH
St. Louis Cardinals batting - Pitching for Philadelphia Phillies : RHP Alonzo Panico
Pitching: RHP Rodrigo Rodríguez
Batting: RHB Dan Moore 0-0: Ball
1-0: Fly out, F9 (Flyball, 9S, EV 89.4 MPH)
Batting: LHB Josef Rosendorff 0-0: Ball
1-0: Foul Ball, location: 3FF
1-1: Called Strike
1-2: Strikes out swinging, 2-3 out at first.
Batting: RHB Thomas Barraza 0-0: Called Strike
0-1: Ground out 4-3 (Groundball, 4, EV 87.5 MPH)
Top of the 10th over - 0 runs, 0 hits, 0 errors, 0 left on base; St. Louis 6 - Philadelphia 6
BOTTOM OF THE 10TH
Philadelphia Phillies batting - Pitching for St. Louis Cardinals : RHP Gael Veloz
Pitching: RHP J.J. Jones
Batting: LHB Monte Baker 0-0: SINGLE (Groundball, 34, EV 107.5 MPH)
Batting: RHB Gilbert Lee 0-0: Ball
1-0: Foul Ball, location: 25FF
1-1: Ball
2-1: Fly out, F7 (Flyball, 7, EV 90.0 MPH)
Batting: RHB Ariel Fernández 0-0: Ball
1-0: SINGLE (Line Drive, 7LS, EV 102.5 MPH)
Monte Baker to second
Batting: SHB Elías Saucedo 0-0: Called Strike
0-1: Called Strike
0-2: Ball
1-2: Ball
2-2: Ball
3-2: Strikes out looking
Batting: LHB Noah Powell 0-0: Called Strike
0-1: Called Strike
0-2: Foul Ball, location: 5DF
0-2: Ball
1-2: Foul Ball, location: 2F
1-2: Ball
2-2: Strikes out swinging
Bottom of the 10th over - 0 runs, 2 hits, 0 errors, 2 left on base; St. Louis 6 - Philadelphia 6
TOP OF THE 11TH
St. Louis Cardinals batting - Pitching for Philadelphia Phillies : RHP Rodrigo Rodríguez
Batting: LHB David Atkinson 0-0: Ground out 6-3 (Groundball, 6M, EV 81.3 MPH)
Batting: LHB Marcus Jones 0-0: Ball
1-0: Ball
2-0: Ball
3-0: Base on Balls
Pinch Hitting: LHB Braylen De Witt 0-0: Called Strike
0-1: Swinging Strike
0-2: Foul Ball, location: 2F
0-2: Foul Ball, location: 7LSF
0-2: Ball
1-2: Foul Ball, location: 5FF
1-2: Fly out, F2 (Popup, 25F, EV 81.9 MPH)
Batting: SHB Joseph Mitchell 0-0: Called Strike
0-1: Ball
1-1: Foul Ball, location: 2F
1-2: Fly out, F8 (Flyball, 8LM, EV 93.8 MPH)
Top of the 11th over - 0 runs, 0 hits, 0 errors, 1 left on base; St. Louis 6 - Philadelphia 6
BOTTOM OF THE 11TH
Philadelphia Phillies batting - Pitching for St. Louis Cardinals : RHP J.J. Jones
Now at C: Paco Paredes
Batting: RHB Kyle Negulescu 0-0: Ball
1-0: Ground out 6-3 (Groundball, 6S, EV 79.4 MPH)
Batting: RHB Josiah Mandel 0-0: Swinging Strike
0-1: Called Strike
0-2: Ball
1-2: Strikes out swinging
Batting: RHB Marc Simms 0-0: Called Strike
0-1: Swinging Strike
0-2: Strikes out looking
Bottom of the 11th over - 0 runs, 0 hits, 0 errors, 0 left on base; St. Louis 6 - Philadelphia 6
TOP OF THE 12TH
St. Louis Cardinals batting - Pitching for Philadelphia Phillies : RHP Rodrigo Rodríguez
Batting: RHB Bobby Grimm 0-0: Called Strike
0-1: Ball
1-1: Foul Ball, location: 23F
1-2: Strikes out looking
Batting: SHB Lucas Cavanaugh 0-0: Foul Ball, location: 7LDF
0-1: Ball
1-1: Ball
2-1: Called Strike
2-2: Strikes out looking
Batting: RHB Dan Moore 0-0: Called Strike
0-1: Ground out 3-1 (Groundball, 34S, EV 90.0 MPH)
Top of the 12th over - 0 runs, 0 hits, 0 errors, 0 left on base; St. Louis 6 - Philadelphia 6
BOTTOM OF THE 12TH
Philadelphia Phillies batting - Pitching for St. Louis Cardinals : RHP J.J. Jones
Batting: LHB George Copa 0-0: SINGLE (Line Drive, 8RS, EV 97.5 MPH)
Batting: LHB Monte Baker 0-0: Ball
1-0: Fly out, F6 (Line Drive, 6, EV 72.5 MPH)
Batting: RHB Gilbert Lee 0-0: Called Strike
0-1: Ball
1-1: Foul Ball, location: 25FF
1-2: Fly out, F3 (Popup, 23F, EV 86.9 MPH)
Batting: RHB Ariel Fernández 0-0: Ball
1-0: Ball
2-0: Ball
3-0: Called Strike
3-1: Foul Ball, location: 9LMF
3-2: Foul Ball, location: 2F
3-2: Base on Balls
George Copa to second
Pitching: RHP Mal Tanner
Batting: SHB Elías Saucedo 0-0: Fly out, F9 (Line Drive, 9, EV 89.4 MPH)
Bottom of the 12th over - 0 runs, 1 hit, 0 errors, 2 left on base; St. Louis 6 - Philadelphia 6
TOP OF THE 13TH
St. Louis Cardinals batting - Pitching for Philadelphia Phillies : RHP Rodrigo Rodríguez
Pitching: LHP Sean White
Batting: LHB Josef Rosendorff 0-0: Ground out 5-3 (Groundball, 56, EV 92.5 MPH)
Batting: RHB Thomas Barraza 0-0: Ball
1-0: Ball
2-0: Foul Ball, location: 2F
2-1: SINGLE (Groundball, 4MD, EV 104.4 MPH)
Pinch Hitting: RHB Edward Lepak 0-0: Ball
Thomas Barraza is caught stealing 2nd base 2-4
1-0: Ball
2-0: Foul Ball, location: 23F
2-1: Swinging Strike
2-2: Foul Ball, location: 5F
2-2: Foul Ball, location: 25FF
2-2: Foul Ball, location: 2F
2-2: Ball
3-2: Ground out 5-3 (Groundball, 56, EV 85.0 MPH)
Top of the 13th over - 0 runs, 1 hit, 0 errors, 0 left on base; St. Louis 6 - Philadelphia 6
BOTTOM OF THE 13TH
Philadelphia Phillies batting - Pitching for St. Louis Cardinals : RHP Mal Tanner
Now at 3B: Sammy Horgan
Batting: LHB Noah Powell 0-0: Ball
1-0: Ball
2-0: Called Strike
2-1: Swinging Strike
2-2: Strikes out swinging
Batting: RHB Kyle Negulescu 0-0: Swinging Strike
0-1: Ball
1-1: Swinging Strike
1-2: Ball
2-2: Ball
3-2: Strikes out swinging
Batting: RHB Josiah Mandel 0-0: DOUBLE (Flyball, 89XD, EV 92.5 MPH)
Batting: RHB Marc Simms 0-0: Swinging Strike
0-1: Fly out, F7 (Line Drive, 7, EV 87.5 MPH)
Bottom of the 13th over - 0 runs, 1 hit, 0 errors, 1 left on base; St. Louis 6 - Philadelphia 6
TOP OF THE 14TH
St. Louis Cardinals batting - Pitching for Philadelphia Phillies : LHP Sean White
Pinch Hitting: RHB Rick Sheley 0-0: Called Strike
0-1: Called Strike
0-2: Hit by Pitch
Batting: RHB Paco Paredes 0-0: Called Strike
0-1: Bunted foul
0-2: Foul Ball, location: 9LSF
0-2: Grounds out, U3 (Groundball, 3L, EV 85.6 MPH)
Batting: SHB Joseph Mitchell 0-0: Called Strike
0-1: Called Strike
0-2: Ball
1-2: Ball
2-2: Ball
3-2: Base on Balls
Batting: RHB Bobby Grimm 0-0: Called Strike
0-1: Called Strike
0-2: Ball
1-2: Grounds into double play, 5-4-3 (Groundball, 56, EV 99.4 MPH)
Top of the 14th over - 0 runs, 0 hits, 0 errors, 1 left on base; St. Louis 6 - Philadelphia 6
BOTTOM OF THE 14TH
Philadelphia Phillies batting - Pitching for St. Louis Cardinals : RHP Mal Tanner
Now at 2B: Rick Sheley
Batting: LHB George Copa 0-0: SINGLE (Line Drive, 78M, EV 93.8 MPH)
Batting: LHB Monte Baker 0-0: Ball
1-0: Ball
George Copa is caught stealing 2nd base 2-6
2-0: Foul Ball, location: 2F
2-1: Swinging Strike
2-2: Strikes out looking
Batting: RHB Gilbert Lee 0-0: Called Strike
0-1: Called Strike
0-2: Strikes out swinging
Bottom of the 14th over - 0 runs, 1 hit, 0 errors, 0 left on base; St. Louis 6 - Philadelphia 6
TOP OF THE 15TH
St. Louis Cardinals batting - Pitching for Philadelphia Phillies : LHP Sean White
Batting: SHB Lucas Cavanaugh 0-0: Ball
1-0: SOLO HOME RUN (Flyball, 78XD, EV 105.6 MPH), Distance : 401 ft
Batting: RHB Dan Moore 0-0: Called Strike
0-1: Foul Ball, location: 3F
0-2: Fly out, F7 (Flyball, 7, EV 78.1 MPH)
DELAY Rain delay of 22 minutes in the 15th inning.
Pitching: RHP Ralph Rollins
Batting: LHB Josef Rosendorff 0-0: Fly out, F5 (Line Drive, 6, EV 62.5 MPH)
Batting: RHB Thomas Barraza 0-0: Ball
1-0: Called Strike
1-1: Ball
2-1: Ball
3-1: Ground out 3-1 (Groundball, 34, EV 109.4 MPH)
Top of the 15th over - 1 run, 1 hit, 0 errors, 0 left on base; St. Louis 7 - Philadelphia 6
BOTTOM OF THE 15TH
Philadelphia Phillies batting - Pitching for St. Louis Cardinals : RHP Mal Tanner
Batting: RHB Ariel Fernández 0-0: Called Strike
0-1: Ball
1-1: Foul Ball, location: 9LSF
1-2: Ball
2-2: Strikes out swinging
Batting: SHB Elías Saucedo 0-0: Ball
1-0: Ball
2-0: Ball
3-0: Called Strike
3-1: Foul Ball, location: 3SF
3-2: Foul Ball, location: 2F
3-2: Foul Ball, location: 2F
3-2: Base on Balls
Batting: LHB Noah Powell 0-0: Ball
1-0: Grounds out, U3 (Groundball, 3L, EV 103.8 MPH)
Batting: RHB Kyle Negulescu 0-0: Ball
1-0: Ball
2-0: SINGLE (Groundball, 4MD, EV 99.4 MPH)
Elías Saucedo to third
Runner from 3rd tries for Home, SAFE, throw by CF to home
Batting: RHB Josiah Mandel 0-0: Called Strike
0-1: Ball
1-1: Foul Ball, location: 2F
1-2: Ball
2-2: DOUBLE (Flyball, 8LXD, EV 110.0 MPH)
Kyle Negulescu to third
Pitching: RHP Prospero González
Batting: RHB Marc Simms 0-0: Ball
1-0: Ball
2-0: SINGLE (Groundball, 34D, EV 105.6 MPH)
Kyle Negulescu scores
Bottom of the 15th over - 2 runs, 3 hits, 0 errors, 2 left on base; St. Louis 7 - Philadelphia 8
Tuesday, April 30th , 2024 - OOTP Baseball 24.11 Build 85